 Dungeon Crawl Stone Soup version 0.29-a0-322-g68df515428 (webtiles) character file.

Game seed: 7313877445802628600

30 siradein the Bolt Thrower (level 3, -2/31 HPs)
             Began as a Minotaur Hunter on Apr 8, 2022.
             Slain by a gnoll
             ... wielding a +0 flail
              (12 damage)
             ... on level 2 of the Dungeon.
             The game lasted 00:02:16 (742 turns).

siradein the Bolt Thrower (Minotaur Hunter)          Turns: 742, Time: 00:02:17

Health: -2/31      AC:  3    Str: 15    XL:     3   Next: 3%
Magic:  2/2        EV: 12    Int:  6    God:
Gold:   58         SH:  0    Dex: 15    Spells: 2/2 levels left

rFire   . . .      SeeInvis .   a - +1 hand crossbow
rCold   . . .      Faith    .   (no shield)
rNeg    . . .      Spirit   .   b - +0 leather armour
rPois   .          Reflect  .   (helmet restricted)
rElec   .          Harm     .   (no cloak)
rCorr   .          Rampage  .   (no gloves)
Will    .....                   (no boots)
Stlth   +.........              (no amulet)
HPRegen 0.10/turn               (no ring)
MPRegen 0.08/turn               (no ring)

@: no status effects
A: horns 2, retaliatory headbutt
a: no special abilities


You were on level 2 of the Dungeon.
You visited 1 branch of the dungeon, and saw 2 of its levels.

You collected 58 gold pieces.

Inventory:

Hand Weapons
 a - a +1 hand crossbow (weapon)
Armour
 b - a +0 leather armour (worn)
Scrolls
 c - a scroll of immolation
 d - a scroll of torment {unknown}
 e - a scroll of magic mapping {unknown}
 f - a scroll of noise {unknown}
Potions
 g - 2 potions of might {unknown}
 h - a potion of berserk rage {unknown}
 i - a potion of heal wounds {unknown}
 j - a potion of cancellation {unknown}


   Skills:
 + Level 3.1 Fighting
 + Level 4.7 Crossbows
 + Level 2.9 Dodging
 - Level 0.7 Stealth


You had 2 spell levels left.
You didn't know any spells.
Your spell library contained the following spells:

 Spells                   Type           Power      Damage    Failure   Level
 Beastly Appendage        Tmut           0%         N/A       52%         1
 Sublimation of Blood     Necr           0%         N/A       67%         2
 Wereblood                Tmut           0%         N/A       67%         2
 Spider Form              Tmut/Pois      0%         N/A       88%         3
 Petrify                  Tmut/Erth      0%         N/A       99%         4
 Irradiate                Conj/Tmut      0%         3d13      100%        5


Dungeon Overview and Level Annotations

Branches:
Dungeon (2/15)

Altars:


Innate Abilities, Weirdness & Mutations

You have a pair of horns on your head.
You reflexively headbutt those who attack you in melee.


Message History

You shoot a bolt. The bolt hits the dart slug!
You kill the dart slug!
You have reached level 3!
Your experience leads to an increase in your attributes!
Increase (S)trength, (I)ntelligence, or (D)exterity?
You feel agile. x2
j - a bubbling dark potion A quokka comes into view.
A quokka is nearby!
A quokka is nearby!
You shoot a bolt. The bolt hits the quokka.
You kill the quokka!
No target in view!
No target in view!
No target in view!
No target in view!
You see here a quokka corpse.
You open the door.
There is an open door here.
You open the door.
A gnoll comes into view. It is wielding a +0 flail.
The gnoll shouts!
You shoot a bolt. The bolt hits the gnoll.
The gnoll is lightly wounded.
The gnoll hits you with a +0 flail.
You shoot a bolt. The bolt hits the gnoll!
The gnoll is severely wounded.
The gnoll hits you with a +0 flail.
A gnoll comes into view. It is wielding a +0 club.
A gnoll comes into view. It is wielding a +0 flail.
The gnoll hits you with a +0 flail!
* * * LOW HITPOINT WARNING * * *
The gnoll shouts!
The gnoll shouts!
The gnoll attacks as you move away! The gnoll closely misses you.
You furiously retaliate!
You headbutt the gnoll, but do no damage.
There is an open door here.
The gnoll attacks as you move away! The gnoll hits you with a +0 flail!
You die...

....# ... ... #'# ... #.#
#^########g# #.......##.#
#.......##g# #.......##g######
####..........@....############
#..............................
#......####.........###########
#.......# #.........# #
#.......###........<# #####
#######..##........## #....
##.####.......# #.### ####'##
#.......# #####.# #.....#
#.......# #...†.#


You could see 3 gnolls.

Vanquished Creatures
  A worm (D:2)
  2 dart slugs
  3 ball pythons (D:1)
  2 endoplasms
  A giant cockroach (D:2)
  2 hobgoblins
  2 kobolds (D:1)
  A quokka (D:2)
  2 frilled lizards
  2 goblins (D:1)
  3 rats (D:1)
21 creatures vanquished.

Notes
Turn   | Place    | Note
-------+----------+-------------------------------------------
     0 | D:1      | siradein the Minotaur Hunter began the quest for the Orb.
     0 | D:1      | Reached XP level 1. HP: 18/18 MP: 0/0
    77 | D:1      | Found a faded altar of an unknown god.
   234 | D:1      | Reached XP level 2. HP: 25/25 MP: 1/1
   664 | D:2      | Reached XP level 3. HP: 31/31 MP: 2/2
   742 | D:2      | Slain by a gnoll

Illustrated notes

Levels and vault maps discovered:
D:1:      spicycebolla_arrival_xxxplode, layout_rooms, basic_ecumenical_altar
D:2:      layout_basic

Skill      XL: |  1  2 |
---------------+-------+-----
Fighting       | 3 |  3.1
Crossbows      | |  4.7
Dodging        | |  2.9
Stealth        | |  0.7

Action                   || total
-------------------------++-------
 Fire: Hand crossbow     ||    45
Armor: Leather armour    ||     2
Dodge: Dodged            ||     7

Table legend: (Time is in decaauts)
 A = Elapsed time spent in this place.
 B = Non-inter-level travel time spent in this place.
 C = Inter-level travel time spent in this place.
 D = Time resting spent in this place.
 E = Time spent auto-exploring this place.
 F = Levels seen in this place.
 G = Mean time per level.
                   A        B        C        D        E       F      G
               +--------+--------+--------+--------+--------+-----+--------+
         Total |    755 |    730 |     25 |      0 |    606 |   2 |  377.5 |
       Dungeon |    755 |    730 |     25 |      0 |    606 |   2 |  377.5 |
               +--------+--------+--------+--------+--------+-----+--------+

Top non-repeatable levels by time:
     D:1: 489 daAuts
     D:2: 265 daAuts
